 Dungeon Crawl Stone Soup version 0.16-a0-670-g3b10be2 (webtiles) character file.

104218 PolkaDot the Cruncher (level 15, -4/122 HPs)
             Began as a Vampire Gladiator on Sept 19, 2014.
             Was a Plaything of Xom.
             Slain by a dire elephant zombie (12 damage)
             ... on Level 15 of the Dungeon.
             The game lasted 02:10:03 (26806 turns).

PolkaDot the Cruncher (Vampire Gladiator)          Turns: 26806, Time: 02:10:03

HP  -4/122       AC 20     Str 14      XL: 15   Next: 91%
MP  29/29        EV 19     Int 12      God: Xom
Gold 3068        SH  0     Dex 17      Spells:  1 memorised,  5 levels left

rFire  . . .     SeeInvis +     a - +7 quarterstaff (chaos)
rCold  . . .     Clarity  .     b - +0 leather armour
rNeg   . . .     rCorr    .     (no shield)
rPois  +         rRot     .     C - +2 helmet
rElec  .         Spirit   .     e - +1 cloak
SustAb .         Warding  .     h - +2 pair of gloves {archery}
rMut   .         Stasis   .     (no boots)
Gourm  .                        o - amulet of rage
MR     +....                    E - +5 ring of protection
                                s - ring of regeneration

@: confused, regenerating very quickly, somewhat resistant to hostile
enchantments, very unstealthy
A: bottle blood, fangs 3, talons 1, icy blue scales 1, large bone plates 1, see
invisible, clever 1, clumsy 1, poison resistance, unbreathing
a: Bottle Blood, Renounce Religion, Evoke Berserk Rage


You were on level 15 of the Dungeon.
You worshipped Xom.
You were a very special plaything of Xom.
You were almost alive.

You visited 3 branches of the dungeon, and saw 24 of its levels.
You visited the Abyss 1 time.
You also visited: Ice Cave.

You collected 3315 gold pieces.
You spent 247 gold pieces at shops.

Inventory:

Hand weapons
 a - a +7 quarterstaff of chaos (weapon)
Missiles
 d - 2 throwing nets (quivered)
Armour
 b - a +0 leather armour (worn)
 e - a +1 cloak (worn)
 h - a +2 pair of gloves of archery (worn)
 C - a +2 helmet (worn)
Magical devices
 n - a wand of teleportation (4)
 t - a wand of digging (8)
 y - a wand of cold (1)
 G - a wand of polymorph (11)
 O - a wand of disintegration (8)
 P - a wand of draining (5)
Scrolls
 c - a scroll of magic mapping
 f - a scroll of immolation
 g - 4 scrolls of recharging
 j - 13 scrolls of remove curse
 m - 2 scrolls of amnesia
 r - 3 scrolls of fog
 x - 3 scrolls of identify
 A - a scroll of brand weapon {unknown}
 B - a scroll of noise {unknown}
 J - a scroll of silence {unknown}
 L - a scroll of acquirement {unknown}
 M - a scroll of vulnerability {unknown}
 Q - a scroll of enchant armour {unknown}
 S - a scroll of summoning {unknown}
Jewellery
 i - an uncursed amulet of resist mutation
 o - an amulet of rage (around neck)
 p - an uncursed ring of invisibility
 s - a ring of regeneration (left hand)
 u - an uncursed ring of protection from magic
 v - an uncursed ring of positive energy
 z - an uncursed ring of protection from cold
 E - a +5 ring of protection (right hand)
 U - an uncursed ring of protection from cold
Potions
 k - 16 potions of blood {@*1}
 q - a potion of restore abilities
 D - a potion of brilliance
 F - a potion of mutation {!q}
 H - a potion of cure mutation {!q}
 I - a potion of resistance
Books
 l - a book of Annihilations {highlevel, unknown}

   This book is beyond your current level of understanding.

   Spells                             Type                      Level
   Poison Arrow                       Conjuration/Poison           6
   Chain Lightning                    Conjuration/Air              8
   Lehudib's Crystal Spear            Conjuration/Earth            8
   Glaciate                           Conjuration/Ice              9
   Fire Storm                         Conjuration/Fire             9
 w - a book of Dreams

   Spells                             Type                      Level
   Ensorcelled Hibernation            Hexes/Ice                    2
   Flight                             Charms/Air                   3
   Phase Shift                        Translocation                5
   Shadow Creatures                   Summoning                    5
   Mass Confusion                     Hexes                        6
   Darkness                           Hexes                        7


   Skills:
 * Level 12.5 Fighting
 - Level 14.1 Staves
 - Level 1.5 Throwing
 + Level 7.0 Armour
 + Level 11.2 Dodging
 - Level 10.8 Evocations


You had 5 spell levels left.
You knew the following spells:

 Your Spells              Type           Power        Failure   Level  Hunger
a - Tornado               Air            #.........   100%        9    #######


Dungeon Overview and Level Annotations

Branches:
Dungeon (15/15)            Temple (1/1) D:4             Orc (0/4) D:10
   Lair (8/8) D:9           Swamp (0/5) Lair:6       Spider (0/5) Lair:4
  Slime (0/6) Lair:8       Vaults (0/5) D:14         Depths (0/5) D:15

Altars:
Ashenzari
Cheibriados
Dithmenos
Elyvilon
Fedhas
Gozag
Kikubaaqudgha
Makhleb
Nemelex Xobeh
Okawaru
Qazlal
Ru
Sif Muna
Trog
Vehumet
Xom
Yredelemnul
Zin
The Shining One
Beogh
Lugonu

Shops:
D:7 *


Innate Abilities, Weirdness & Mutations

Your natural rate of healing is extremely fast.
You can bottle blood from corpses.
You have razor-sharp teeth.
You have supernaturally acute eyesight.
You can survive without breathing.
You have sharp toenails.
You are partially covered in icy blue scales (AC +1).
You are partially covered in large bone plates (AC +2, SH +2).
Your mind is acute. (Int +2)
You are clumsy. (Dex -2)
Your system is resistant to poisons.


Message History

Yummy - fresh blood!
You hit the dire elephant zombie but do no damage.
Space bends around the dire elephant zombie.
You bite the dire elephant zombie. The dire elephant zombie tramples you!!
* * * LOW HITPOINT WARNING * * *
You stumble backwards!
You bump into the rock wall.
The dire elephant zombie barely misses you.
The dire elephant zombie misses you.
You bump into the rock wall.
Unknown command.
Drink which item? (? for menu, Esc to quit)
Okay, then.
You're too confused!
You bump into the rock wall.
The dire elephant zombie barely misses you.
The dire elephant zombie closely misses you.
You sock the dire elephant zombie! You burn the dire elephant zombie.
You claw the dire elephant zombie. The dire elephant zombie tramples you!
You die...

#######...#...8....
#....)Z........?...
##.###.#######....$
#.# #.##### ###...
#.# #.....# ### #.#
#####.## #.# #..#
#Z# ##.### #@#
##G..# #.###
###..#Z#
#..G###.5###..#
###.#.G### .#
#..### .# ##.# .
#.# . #.# #.#


You could see a dire elephant zombie.

Vanquished Creatures
  A fire dragon (D:14)
  Josephine (D:14)
  3 vault guards (D:14)
  The ghost of Afay the Protected, a powerful MiFi of Makhleb (D:12)
  6 hydras
  Erica (Lair:2)
  2 centaur warriors
  A death yak (Lair:6)
  A skeletal warrior (D:15)
  7 spriggans (Lair:8)
  A large abomination (Abyss:1)
  2 unseen horrors (D:14)
  2 catoblepae
  An orb spider (Lair:4)
  5 hill giants
  4 ugly things (D:14)
  3 griffons
  8 oklob plants (Lair:5)
  2 manticores (D:14)
  Joseph (D:7)
  10 spiny frogs
  3 black mambas
  A molten gargoyle (Lair:5)
  2 torpor snails
  An orange crystal statue (D:14)
  2 fire drakes (Lair:6)
  2 gargoyles
  9 komodo dragons
  2 kobold demonologists (D:12)
  A red devil (D:10)
  4 trolls
  9 polar bears
  Sonja (D:14)
  9 slime creatures
  2 two-headed ogres
  19 blink frogs
  A catoblepas skeleton (D:14)
  2 deep elf magi (D:10)
  2 ravens (Lair:5)
  3 basilisks
  5 wyverns
  A shadow (D:12)
  A spriggan (shapeshifter) (Lair:1)
  5 redbacks (Lair:8)
  2 griffon skeletons (D:14)
  7 hippogriffs
  A hungry ghost (D:9)
  A ynoxinul (Abyss:1)
  A chaos spawn (D:12)
  32 yaks
  A steam dragon (D:10)
  11 water moccasins
  14 wolves (Lair:8)
  Edmund (D:7)
  Menkaure (D:5)
  A hill giant skeleton (D:14)
  2 mottled dragons
  7 porcupines
  3 sky beasts
  5 yellow wasps
  A small abomination (Abyss:1)
  A manticore zombie (D:13)
  3 orc warriors
  4 phantoms
  9 black bears
  4 ice beasts
  2 centaurs (D:10)
  A tengu (D:11)
  13 ogres
  Sigmund (D:4)
  Duvessa (D:6)
  12 crocodiles
  A brain worm (D:12)
  3 big kobolds
  16 giant frogs
  A yaktaur skeleton (D:12)
  2 wyvern skeletons
  A cyclops skeleton (D:8)
  A water moccasin skeleton (D:10)
  2 eyes of draining
  6 scorpions
  A troll zombie (D:13)
  9 killer bees
  A spriggan skeleton (D:9)
  A yak skeleton (D:9)
  4 wights (D:12)
  4 electric eels
  A goliath beetle (D:11)
  Dowan (D:6)
  A vampire bat (D:3)
  10 crimson imps
  2 centaur zombies
  A basilisk zombie (D:14)
  9 orc priests
  Crazy Yiuf (D:4)
  11 hounds
  2 iron imps (D:12)
  4 jellies
  A giant frog skeleton (D:4)
  11 iguanas
  A two-headed ogre zombie (D:10)
  15 worker ants
  A two-headed ogre skeleton (D:14)
  A black bear skeleton (D:8)
  12 orc wizards
  3 quasits
  7 sheep (Lair:2)
  2 ogre zombies
  Ijyb (D:5)
  A big kobold skeleton (D:8)
  A worker ant zombie (D:6)
  19 adders
  2 gnolls
  34 green rats
  6 shadow imps
  4 white imps
  A worm (D:2)
  A worm (shapeshifter) (Lair:7)
  5 ufetubi
  An iguana skeleton (D:6)
  3 fire bats (D:3)
  6 giant geckos
  An ooze (D:2)
  38 orcs
  2 spectral bats (D:3)
  22 bats
  A bat simulacrum (D:3)
  3 bat skeletons (D:3)
  A bat zombie (D:3)
  10 giant cockroaches
  16 goblins
  14 hobgoblins
  25 jackals
  27 kobolds
  17 quokkas
  2 ball pythons
  7 giant newts
  2 hobgoblin zombies
  A kobold skeleton (D:6)
  A kobold zombie (D:3)
  3 orc skeletons
  An orc zombie (D:6)
  13 rats
  A rat zombie (D:5)
  4 ballistomycetes
  A bush (D:2)
  A fungus (Lair:5)
  2 plants (Lair:5)
743 creatures vanquished.

Vanquished Creatures (collateral kills)
  A vault guard (D:14)
  2 black mambas (Lair:8)
  A shining eye (D:15)
  2 polar bears (Lair:8)
  5 spriggans (Lair:8)
  A yak (Lair:8)
  4 wolves (Lair:8)
  A yellow wasp (Lair:8)
  A cyclops skeleton (D:15)
  2 spriggan skeletons (D:9)
  A sheep (Lair:2)
  A shadow imp (D:9)
  An orc (D:5)
  A hobgoblin (D:5)
  A quokka (Lair:1)
  A goblin (D:7)
  A rat (D:9)
27 creatures vanquished.

Vanquished Creatures (others)
  A spiny frog (Lair:8)
  A hill giant zombie (D:14)
  A wolf (Lair:8)
  A phantom (D:10)
  3 quasits
  A crimson imp (Lair:7)
  An iron imp (Lair:7)
  A kobold zombie (D:12)
  A worker ant (Lair:2)
  An adder (Lair:8)
  3 white imps
  A shadow imp (Lair:2)
  4 ufetubi
  A worm (Lair:2)
  A giant gecko zombie (D:7)
  2 giant spores
  A rat zombie (D:6)
  11 fungi
  6 plants
42 creatures vanquished.

Grand Total: 812 creatures vanquished

Notes
Turn   | Place    | Note
--------------------------------------------------------------
     0 | D:1      | PolkaDot, the Vampire Gladiator, began the quest for the Orb.
     0 | D:1      | Reached XP level 1. HP: 16/16 MP: 1/1
   152 | D:1      | Reached XP level 2. HP: 22/22 MP: 2/2
   498 | D:1      | Reached XP level 3. HP: 27/27 MP: 3/3
  1105 | D:2      | Reached skill level 4 in Staves
  1242 | D:2      | Found a sparkling altar of Nemelex Xobeh.
  1314 | D:2      | Reached XP level 4. HP: 33/33 MP: 4/4
  2207 | D:3      | Reached skill level 5 in Staves
  2207 | D:3      | Reached XP level 5. HP: 36/38 MP: 5/5
  2651 | D:4      | Reached XP level 6. HP: 41/44 MP: 6/6
  2656 | D:4      | Noticed Sigmund
  2681 | D:4      | Killed Sigmund
  2923 | D:4      | Reached skill level 6 in Staves
  3123 | D:4      | Found a staircase to the Ecumenical Temple.
  3131 | Temple   | Entered the Ecumenical Temple
  3188 | Temple   | Became a worshipper of Xom of Chaos
  3336 | D:4      | XOM: silly message
  3388 | D:4      | Noticed an ogre
  3397 | D:4      | Killed an ogre
  3397 | D:4      | Reached skill level 1 in Evocations
  3526 | D:4      | Reached XP level 7. HP: 43/49 MP: 8/8
  3708 | D:4      | XOM: silly message
  3885 | D:4      | Noticed an ogre
  3892 | D:4      | Killed an ogre
  4130 | D:4      | XOM: harmless Hex miscast
  4211 | D:4      | Noticed Crazy Yiuf
  4221 | D:4      | Killed Crazy Yiuf
  4355 | D:5      | Entered Level 5 of the Dungeon
  4443 | D:5      | Noticed Ijyb
  4480 | D:5      | Killed Ijyb
  4505 | D:5      | XOM: silly message
  4556 | D:5      | Reached skill level 7 in Staves
  4612 | D:5      | XOM: harmless Pois miscast
  4616 | D:5      | Noticed Menkaure
  4650 | D:5      | XOM: harmless Hex miscast
  4886 | D:5      | XOM: harmless Necr miscast
  5012 | D:5      | XOM: harmless Trmt miscast
  5050 | D:5      | Found a shimmering altar of Xom.
  5062 | D:5      | Got a smoking whip
  5063 | D:5      | Identified the +9 whip of Eniuw {pain, +Fly rF+ rN+} (You found it on level 5 of the Dungeon)
  5123 | D:5      | XOM: confuse monster(s)
  5223 | D:5      | XOM: cast spell 'Discord'
  5447 | D:5      | XOM: divination: detect creatures
  5514 | D:5      | XOM: harmless Pois miscast
  5519 | D:5      | Killed Menkaure
  5519 | D:5      | Reached XP level 8. HP: 29/55 MP: 13/13
  5735 | D:5      | XOM: confuse monster(s)
  5745 | D:5      | Reached skill level 8 in Staves
  5806 | D:5      | XOM: divination: detect items
  6102 | D:6      | XOM: harmless Chrm miscast
  6278 | D:6      | Noticed Duvessa
  6278 | D:6      | Noticed Dowan
  6281 | D:6      | XOM: confuse monster(s)
  6288 | D:6      | Killed Duvessa
  6288 | D:6      | Reached skill level 5 in Evocations
  6546 | D:6      | Found a snail-covered altar of Cheibriados.
  6590 | D:6      | XOM: harmless Chrm miscast
  6787 | D:6      | Killed Dowan
  6805 | D:6      | XOM: divination: detect creatures
  6832 | D:6      | XOM: mild Summ miscast
  6964 | D:7      | Noticed Joseph
  6965 | D:7      | Noticed Edmund
  6966 | D:7      | XOM: cast spell 'Ring of Flames'
  6968 | D:7      | XOM: chaos upgrade
  7214 | D:6      | XOM: draining
  7224 | D:6      | XOM: vitrification
  7248 | D:7      | Found Coolloyl's General Store.
  7258 | D:7      | Bought a +2 pair of gloves of archery for 247 gold pieces
  7299 | D:7      | XOM: 1-stop teleportation journey
  7305 | D:7      | XOM: divination: detect items
  7311 | D:7      | Killed Joseph
  7311 | D:7      | Reached skill level 9 in Staves
  7311 | D:7      | Reached XP level 9. HP: 33/61 MP: 17/17
  7599 | D:7      | Found an ancient bone altar of Kikubaaqudgha.
  7657 | D:7      | Killed Edmund
  7748 | D:7      | XOM: colour smoke trail
  8183 | D:7      | XOM: medium Trmt miscast
  8257 | D:7      | XOM: noise
  8402 | D:8      | Noticed a komodo dragon
  8413 | D:8      | Killed a komodo dragon
  8413 | D:8      | Reached skill level 10 in Staves
  8449 | D:8      | XOM: divination: detect items
  8480 | D:8      | XOM: divination: magic mapping
  8572 | D:8      | Found a blossoming altar of Fedhas.
  8576 | D:8      | XOM: confuse monster(s)
  8589 | D:8      | XOM: potion effect (agility)
  8663 | D:8      | XOM: confuse monster(s)
  8683 | D:8      | Found a glowing golden altar of the Shining One.
  8684 | D:8      | Found a radiant altar of Vehumet.
  8686 | D:8      | Found a burning altar of Makhleb.
  8694 | D:8      | XOM: 1-stop teleportation journey
  8813 | D:8      | Found a burning altar of Makhleb.
  8973 | D:8      | Reached XP level 10. HP: 58/67 MP: 20/20
  8986 | D:8      | XOM: mild Erth miscast
  9145 | D:8      | Found a snail-covered altar of Cheibriados.
  9166 | D:8      | XOM: noise
  9262 | D:8      | XOM: colour smoke trail
  9404 | D:9      | XOM: 4-stop teleportation journey
  9425 | D:9      | XOM: cast spell 'Monstrous Menagerie'
  9516 | D:9      | Found a staircase to the Lair.
  9525 | D:9      | XOM: give mutations
  9525 | D:9      | Gained mutation: Your mind is acute. (Int +2) [Xom's grace]
  9525 | D:9      | Gained mutation: Your mind is very acute. (Int +4) [Xom's grace]
  9529 | D:9      | XOM: swap monsters
  9531 | D:9      | XOM: confuse monster(s)
  9538 | D:9      | Reached skill level 11 in Staves
 10094 | Lair:1   | Entered Level 1 of the Lair of Beasts
 10277 | Lair:1   | XOM: vitrification
 10389 | Lair:1   | XOM: enchant monster (good)
 10435 | Lair:1   | XOM: polymorph green rat -> gnoll
 10490 | Lair:1   | XOM: god gift: 1580 gold pieces
 10594 | Lair:1   | XOM: polymorph yak -> spriggan
 10604 | Lair:1   | XOM: enchant monster (good)
 10737 | Lair:1   | Noticed a five-headed hydra
 10761 | Lair:1   | XOM: enchant monster (good)
 10762 | Lair:1   | XOM: potion effect (berserk rage)
 10765 | Lair:1   | Killed a five-headed hydra
 10765 | Lair:1   | Reached skill level 12 in Staves
 10765 | Lair:1   | Reached XP level 11. HP: 72/72 MP: 21/23
 10835 | Lair:1   | XOM: divination: magic mapping
 10964 | Lair:1   | XOM: silly message
 10976 | Lair:1   | XOM: divination: detect creatures
 11207 | Lair:2   | XOM: enchant monster (good)
 11301 | Lair:2   | XOM: colour smoke trail
 11593 | Lair:2   | Noticed Erica
 11601 | Lair:2   | XOM: divination: detect creatures
 11605 | Lair:2   | Killed Erica
 11708 | Lair:2   | Reached skill level 10 in Evocations
 11730 | Lair:2   | Noticed a five-headed hydra
 11738 | Lair:2   | Killed a five-headed hydra
 11742 | Lair:2   | XOM: potion effect (might)
 11768 | Lair:2   | XOM: cast spell 'Summon Swarm'
 11804 | Lair:2   | XOM: cast spell 'Confusing Touch'
 11806 | Lair:2   | XOM: summons 6 friendly demons
 12065 | Lair:3   | XOM: noise
 12124 | Lair:3   | Found a frozen archway.
 12164 | IceCv    | Entered an ice cave
 12247 | Lair:3   | XOM: vitrification
 12324 | Lair:3   | XOM: enchant monster (bad)
 12635 | Lair:3   | XOM: medium Hex miscast
 13059 | Lair:4   | XOM: 2-stop teleportation journey
 13071 | Lair:4   | Found a hole to the Spider Nest.
 13071 | Lair:4   | Noticed an orb spider
 13075 | Lair:4   | XOM: enchant monster (good)
 13097 | Lair:4   | Killed an orb spider
 13153 | Lair:4   | XOM: enchant monster (bad)
 13166 | Lair:4   | XOM: swap monsters
 13174 | Lair:4   | XOM: give mutations
 13174 | Lair:4   | Gained mutation: You are frail (-10% HP). [Xom's mischief]
 13174 | Lair:4   | Lost mutation: You are frail (-10% HP). [Xom's mischief]
 13339 | Lair:4   | XOM: enchant monster (bad)
 13353 | Lair:4   | XOM: enchant monster (good)
 13916 | Lair:4   | Reached skill level 13 in Staves
 14049 | Lair:5   | Found a glowing golden altar of the Shining One.
 14142 | Lair:5   | Reached XP level 12. HP: 41/82 MP: 25/25
 14344 | Lair:5   | XOM: noise
 14482 | Lair:5   | XOM: harmless Fire miscast
 14579 | Lair:5   | Noticed a catoblepas
 14585 | Lair:5   | XOM: enchant monster (good)
 14611 | Lair:5   | Killed a catoblepas
 14680 | Lair:5   | Reached skill level 5 in Dodging
 14745 | Lair:5   | XOM: colour smoke trail
 15076 | Lair:5   | XOM: divination: detect creatures
 15330 | Lair:6   | Found a staircase to the Swamp.
 15680 | Lair:6   | XOM: god gift: scroll labeled PREZXE QAOX
 15756 | Lair:6   | XOM: confusion
 15761 | Lair:6   | XOM: summons friendly quasit
 16052 | Lair:6   | XOM: enchant monster (good)
 16237 | Lair:6   | XOM: noise
 16340 | Lair:6   | XOM: enchant monster (good)
 16347 | Lair:6   | XOM: potion effect (haste)
 16460 | Lair:7   | Reached skill level 5 in Fighting
 16460 | Lair:7   | XOM: divination: detect items
 16477 | Lair:7   | XOM: god gift: 28 stones
 16528 | Lair:7   | XOM: summons 5 friendly demons
 16552 | Lair:7   | XOM: potion effect (might)
 16596 | Lair:7   | XOM: confuse monster(s)
 16714 | Lair:7   | XOM: enchant monster (good)
 16901 | Lair:7   | XOM: summons friendly crimson imp
 16924 | Lair:7   | Reached skill level 14 in Staves
 17135 | Lair:7   | XOM: god gift: dented copper amulet {god gift}
 17224 | Lair:7   | XOM: divination: detect creatures
 17249 | Lair:7   | XOM: cast spell 'Beastly Appendage'
 17327 | Lair:7   | XOM: swap monsters
 17473 | Lair:7   | XOM: god gift: ring of regeneration {god gift}
 17595 | Lair:8   | Entered Level 8 of the Lair of Beasts
 17612 | Lair:8   | XOM: snakes to sticks
 17648 | Lair:8   | XOM: summons friendly white imp
 17655 | Lair:8   | XOM: cast spell 'Summon Small Mammal'
 17704 | Lair:8   | Found a staircase to the Slime Pits.
 17737 | Lair:8   | XOM: enchant monster (good)
 17774 | Lair:8   | XOM: swap monsters
 17796 | Lair:8   | Reached skill level 1 in Armour
 17916 | Lair:8   | Reached XP level 13. HP: 86/93 MP: 27/27
 17950 | Lair:8   | XOM: enchant monster (bad)
 18016 | Lair:8   | XOM: harmless Summ miscast
 18033 | Lair:8   | XOM: noise
 18046 | Lair:8   | XOM: enchant monster (bad)
 18055 | Lair:8   | XOM: give mutations
 18055 | Lair:8   | Gained mutation: You can spit poison. [Xom's mischief]
 18055 | Lair:8   | Gained mutation: You are frail (-10% HP). [Xom's mischief]
 18055 | Lair:8   | Gained mutation: You are partially covered in icy blue scales (AC +1). [Xom's mischief]
 18068 | Lair:8   | Noticed a four-headed hydra
 18070 | Lair:8   | XOM: harmless Chrm miscast
 18078 | Lair:8   | Killed a four-headed hydra
 18179 | Lair:8   | XOM: confusion
 18206 | Lair:8   | XOM: noise
 18276 | Lair:8   | XOM: confusion
 18297 | Lair:8   | XOM: summons friendly chaos spawn
 18515 | Lair:8   | XOM: enchant monster (good)
 18548 | Lair:8   | XOM: potion effect (brilliance)
 18561 | Lair:8   | XOM: mild Fire miscast
 18592 | Lair:8   | Noticed a four-headed hydra
 18618 | Lair:8   | Killed a four-headed hydra
 18647 | Lair:8   | XOM: noise
 18652 | Lair:8   | XOM: confuse monster(s)
 18671 | Lair:8   | XOM: divination: detect creatures
 18701 | Lair:8   | XOM: confuse monster(s)
 18764 | Lair:8   | XOM: divination: detect creatures
 18791 | Lair:8   | Noticed a four-headed hydra
 18796 | Lair:8   | XOM: blink monster(s)
 18808 | Lair:8   | XOM: enchant monster (good)
 18818 | Lair:8   | XOM: enchant monster (good)
 18972 | Lair:8   | XOM: confuse monster(s)
 19033 | Lair:8   | XOM: god gift: ring mail {god gift}
 19079 | Lair:8   | XOM: summons friendly quasit
 19470 | Lair:5   | XOM: summons friendly ufetubus
 19676 | Lair:5   | XOM: swap monsters
 19677 | Lair:5   | XOM: destruction
 19794 | Lair:5   | XOM: harmless Trmt miscast
 19951 | Lair:5   | XOM: give mutations
 19951 | Lair:5   | Gained mutation: You have sharp toenails. [Xom's grace]
 19951 | Lair:5   | Gained mutation: You are partially covered in large bone plates (AC +2, SH +2). [Xom's grace]
 20161 | Lair:5   | Got a crude jade ring
 20163 | Lair:5   | Identified the ring "Xagytol" {Dex+3 Stlth-} (You found it on level 5 of the Lair of Beasts)
 20857 | Lair:5   | XOM: vitrification
 20957 | Lair:5   | XOM: vitrification
 21271 | Lair:5   | XOM: give mutation
 21271 | Lair:5   | Gained mutation: You are partially covered in rough black scales (AC +4, Dex -1). [Xom's grace]
 21627 | Lair:5   | XOM: potion effect (brilliance)
 21629 | Lair:5   | XOM: enchant monster (good)
 21672 | Lair:5   | XOM: god gift: 14 gold pieces
 21963 | D:9      | XOM: harmless Trmt miscast
 21986 | D:10     | Entered Level 10 of the Dungeon
 22007 | D:10     | XOM: snakes to sticks
 22097 | D:10     | XOM: enchant monster (good)
 22122 | D:10     | Found a corrupted altar of Lugonu.
 22151 | D:10     | XOM: medium Trmt miscast
 22159 | D:10     | XOM: silly message
 22247 | D:10     | XOM: summons 6 hostile demons
 22267 | D:10     | XOM: 1-stop teleportation journey
 22278 | D:10     | Learned a level 9 spell: Tornado
 22291 | D:10     | Found a staircase to the Orcish Mines.
 22411 | D:10     | XOM: medium Tloc miscast
 22411 | D:10     | Cast into the Abyss (the capriciousness of Xom)
 22411 | Abyss:1  | Found a corrupted altar of Lugonu.
 22420 | Abyss:1  | Found a corrupted altar of Lugonu.
 22467 | Abyss:1  | XOM: polymorph apocalypse crab -> ynoxinul
 22468 | Abyss:1  | XOM: enchant monster (good)
 22622 | Abyss:1  | XOM: polymorph ynoxinul -> neqoxec
 22624 | Abyss:1  | XOM: summons friendly white imp
 22625 | D:10     | Escaped the Abyss
 22680 | D:10     | Found a roughly hewn altar of Beogh.
 22686 | D:10     | Reached XP level 14. HP: 61/97 MP: 28/28
 22824 | D:10     | XOM: give mutations
 22824 | D:10     | Gained mutation: Your flesh is cold resistant. [Xom's grace]
 22824 | D:10     | Gained mutation: Your system is resistant to poisons. [Xom's grace]
 23165 | D:11     | XOM: mild Trmt miscast
 23239 | D:11     | XOM: give mutations
 23239 | D:11     | Gained mutation: You are clumsy. (Dex -2) [Xom's mischief]
 23239 | D:11     | Lost mutation: You are frail (-10% HP). [Xom's mischief]
 23239 | D:11     | Lost mutation: Your flesh is cold resistant. [Xom's mischief]
 23239 | D:11     | Lost mutation: You are partially covered in rough black scales (AC +4, Dex -1). [Xom's mischief]
 23254 | D:11     | Reached skill level 5 in Armour
 23652 | D:12     | Noticed Afay's ghost (powerful MiFi)
 23669 | D:12     | Killed Afay's ghost
 23751 | D:12     | XOM: harmless Pois miscast
 23756 | D:12     | XOM: blink monster(s)
 23770 | D:12     | HP: 2/109 [ogre/giant club (7)]
 24128 | D:12     | Reached skill level 10 in Dodging
 24201 | D:12     | XOM: summons 7 hostile demons
 24453 | D:12     | Reached skill level 10 in Fighting
 24584 | D:12     | XOM: noise
 24637 | D:12     | XOM: 1-stop teleportation journey
 24690 | D:12     | XOM: give mutations
 24690 | D:12     | Lost mutation: Your mind is very acute. (Int +4) [Xom's mischief]
 24690 | D:12     | Lost mutation: You can spit poison. [Xom's mischief]
 24815 | D:13     | XOM: stealth player
 25363 | D:13     | Got a slimy buckler
 25370 | D:13     | Identified the +2 buckler of Juimua {Slay+4} (You found it on level 13 of the Dungeon)
 25525 | D:14     | XOM: polymorph brown ugly thing -> siren
 25533 | D:14     | XOM: summons 2 friendly demons
 25539 | D:14     | XOM: confusion
 25541 | D:14     | XOM: polymorph siren -> giant leech
 25555 | D:14     | XOM: polymorph giant leech -> six-headed hydra
 25628 | D:14     | Noticed Sonja
 25763 | D:14     | XOM: enchant monster (bad)
 25768 | D:14     | XOM: cast spell 'Dragon Form'
 25782 | D:14     | XOM: cast spell 'Stoneskin'
 25796 | D:14     | Found a gate to the Vaults.
 25803 | D:14     | XOM: confuse monster(s)
 25931 | D:14     | Killed Sonja
 26016 | D:14     | XOM: enchant monster (bad)
 26094 | D:14     | XOM: cast spell 'Stoneskin'
 26109 | D:14     | Noticed Josephine
 26125 | D:14     | XOM: divination: magic mapping
 26129 | D:14     | XOM: summons friendly ufetubus
 26135 | D:14     | XOM: summons friendly white imp
 26164 | D:14     | Killed Josephine
 26283 | D:14     | XOM: harmless Pois miscast
 26311 | D:14     | XOM: divination: detect items
 26351 | D:14     | XOM: enchant monster (good)
 26362 | D:14     | XOM: potion effect (experience)
 26362 | D:14     | Reached XP level 15. HP: 117/122 MP: 29/29
 26516 | D:14     | XOM: divination: detect creatures
 26665 | D:15     | Entered Level 15 of the Dungeon
 26671 | D:15     | XOM: divination: magic mapping
 26673 | D:15     | XOM: harmless Fire miscast
 26676 | D:15     | Found a staircase to the Depths.
 26676 | D:15     | XOM: swap monsters
 26733 | D:15     | XOM: noise
 26736 | D:15     | XOM: polymorph slime creature -> shining eye
 26767 | D:15     | XOM: swap monsters
 26771 | D:15     | XOM: divine lightning (protected)
 26778 | D:15     | XOM: destruction
 26795 | D:15     | XOM: confusion
 26801 | D:15     | HP: 4/122 [dire elephant zombie (25)]
 26806 | D:15     | Slain by a dire elephant zombie

Action                   |  1- 3 |  4- 6 |  7- 9 | 10-12 | 13-15 || total
-------------------------+-------+-------+-------+-------+-------++-------
Melee: Quarterstaff      |   195 |   236 |   470 |   871 |  1151 ||  2923
       Unarmed           |       |       |       |       |    10 ||    10
Throw: Throwing net      |       |     2 |     4 |       |     1 ||     7
 Abil: Bottle Blood      |       |       |    22 |    92 |    58 ||   172
       Evoke Berserk Rag |       |       |       |    12 |     7 ||    19
       Evoke Invisibilit |       |       |       |       |     7 ||     7
       Turn Visible      |       |       |       |       |     5 ||     5
       End Transformatio |       |       |       |       |     1 ||     1
       Bat Form          |       |       |       |       |     1 ||     1
       Spit Poison       |       |       |       |       |     1 ||     1
Evoke: Wand              |       |       |       |    13 |    19 ||    32
  Use: Potion            |     1 |       |    24 |    70 |    75 ||   170
       Scroll            |       |     5 |    11 |    17 |     9 ||    42
 Stab: Held in net/web   |       |     2 |     1 |       |       ||     3
       Confused          |       |       |     5 |     7 |     5 ||    17
       Paralysed         |       |       |     4 |    11 |    24 ||    39
       Petrifying        |       |       |     4 |     4 |     8 ||    16
       Sleeping          |       |       |       |     4 |     1 ||     5
       Distracted        |       |       |       |     2 |     2 ||     4
       Invisible         |       |       |       |       |    17 ||    17
       Fleeing           |       |       |       |       |     1 ||     1
  Eat: Corpse            |    14 |    15 |    17 |       |     2 ||    48
